Map: Battle on the Boardwalk LE

Players

PapaCarry

  • Race: Terran Terran
  • League: Diamond
  • Spawn Location: 11:00

Dessa - Winner!

  • Race: Zerg Zerg
  • League: Diamond
  • Spawn Location: 1:00

VOD

Have the link to the VOD?

Description

Time

  • Played on: Jan. 10, 2018, 7:33 a.m.
  • Length: 14:26
Show
View Real Time Build Order
Export as new Build Order

PapaCarry Terran 

Build Orders: Reaper Expand 

Get SALT Encoding   

  12  0:00  SCV  
  13  0:13  SCV  
  14  0:17  Supply Depot  
  14  0:25  SCV  
  15  0:39  SCV  
  15  0:41  Barracks  
  16  0:45  Refinery  
  16  0:52  SCV  
  17  1:04  SCV  
  18  1:17  SCV  
  19  1:28  Reaper  
  19  1:29  Supply Depot  
  19  1:32  Orbital Command  
  20  1:54  Command Center  
  20  1:58  SCV  
  21  2:01  Barracks Reactor  
  21  2:11  SCV  
  22  2:16  Barracks  
  22  2:23  Supply Depot  
  22  2:25  SCV  
  23  2:47  Marine x2  
  23  2:48  SCV  
  26  3:02  SCV  
  26  3:04  Barracks Tech Lab  
  26  3:05  Refinery, Marine  
  27  3:06  Marine  
  27  3:07  Factory  
  27  3:08  Orbital Command  
  29  3:14  SCV  
  30  3:25  Marine x2  
  30  3:26  Marine  
  33  3:28  Stimpack  
  33  3:29  SCV  
  34  3:35  SCV  
  35  3:45  Marine x3  
  37  3:50  SCV x2  
  37  3:53  Starport, Factory Reactor  
  39  4:02  Bunker  
  39  4:03  SCV  
  39  4:04  SCV, Marine x3  
  44  4:17  SCV x2  
  44  4:22  Marine  
  44  4:23  Marine  
  48  4:24  Marine  
  48  4:29  SCV  
  50  4:46  Widow Mine  
  50  4:49  Medivac x2, Marine  
  50  4:50  Marine x2  
  59  4:55  Supply Depot  
  59  4:58  SCV x2  
  61  5:01  Supply Depot  
  61  5:02  Supply Depot  
  61  5:10  Command Center, Factory Reactor  
  61  5:12  Barracks  
  61  5:13  SCV  
  62  5:17  SCV  
  63  5:23  Marine  
  63  5:24  Marine x2  
  66  5:34  Liberator  
  66  5:43  Engineering Bay  
  66  5:44  Marine x3  
  66  5:45  SCV x2, Engineering Bay  
  66  5:47  Cyclone x2  
  80  6:05  Marine x3  
  80  6:06  SCV x2  
  85  6:29  Marine x3  
  85  6:30  SCV x2  
  85  6:32  Orbital Command  
  90  6:40  Liberator  
  83  6:52  Marine x3  
  83  6:53  SCV x2  
  82  6:56  Cyclone x2  
  82  6:58  Orbital Command  
  82  7:00  Barracks Reactor  
  91  7:05  SCV  
  91  7:06  SCV  
  93  7:11  Refinery  
  93  7:13  Refinery  
  93  7:16  Refinery  
  93  7:21  Missile Turret  
  93  7:22  Marine x3  
  94  7:23  SCV x2  
  80  8:22  Marine x3  
  74  8:29  Cyclone x2  
  85  8:40  Marine x3  
  89  8:41  SCV x3  
  89  8:46  Missile Turret, Marine x2  
  93  8:53  SCV x2  
  85  8:58  Marine  
  85  8:59  Marine x2  
  82  9:04  Marine  
  83  9:12  Refinery  
  83  9:26  Marine x3  
  83  9:27  Marine x3  
  83  9:30  Siege Tank  
  92  9:32  Medivac  
  92  9:33  Medivac  
  92  9:34  SCV x3  
  99  9:43  Terran Infantry Weapons Level 1, Barracks, Terran Infantry Armor Level 1  
  99  9:47  Missile Turret  
  99  9:57  SCV x2  
  101  10:04  Supply Depot  
  101  10:05  Supply Depot x2  
  101  10:11  Command Center  
  101  10:16  Supply Depot x2  
  101  10:17  Supply Depot  
  101  10:25  SCV, Siege Tank  
  101  10:26  Barracks  
  101  10:31  Barracks  
  101  10:40  Medivac x2  
  101  10:41  Marine x3  
  101  10:42  Marine x3  
  111  10:46  Factory  
  111  10:47  Factory  
  111  10:49  Barracks Reactor  
  111  10:58  Siege Tank  
  111  10:59  Marine  
  60  11:35  Planetary Fortress  
  54  11:59  Marine x2  
  54  12:00  Marine x4  
  45  12:04  Factory Tech Lab  
  45  12:05  Factory Reactor  
  36  12:25  Siege Tank x2  
  41  12:35  Marine x6  
  48  12:38  Barracks Tech Lab  
  48  12:40  Barracks Tech Lab  
  48  12:43  Widow Mine x2  
  51  13:34  Marine x2  
  51  13:35  Marine x5  
  51  13:36  Marine  
  59  13:44  SCV x2  
  59  13:48  Medivac x2  
  65  13:52  Marine x3  
  65  13:54  Marauder  
  70  13:56  SCV x2, Orbital Command  
Show
View Real Time Build Order
Export as new Build Order

Dessa Zerg - Winner!

Build Orders: Hatch First 

Get SALT Encoding   

  12  0:01  Drone  
  13  0:13  Overlord  
  13  0:17  Drone  
  14  0:31  Drone x2  
  16  0:36  Drone  
  17  0:57  Hatchery  
  16  0:59  Drone  
  16  1:03  Drone  
  16  1:04  Extractor  
  17  1:07  Drone  
  18  1:20  Spawning Pool  
  18  1:22  Drone  
  18  1:29  Overlord  
  18  1:53  Drone  
  19  2:05  Drone  
  19  2:06  Metabolic Boost  
  19  2:08  Queen  
  22  2:09  Zergling x2  
  22  2:14  Zergling x2  
  26  2:18  Drone  
  25  2:49  Queen  
  25  2:50  Overlord  
  27  2:54  Drone x5  
  27  2:58  Queen  
  34  3:06  Drone, Overlord  
  35  3:13  Drone  
  36  3:30  Drone x2  
  36  3:31  Drone  
  36  3:32  Extractor  
  36  3:33  Drone x2  
  40  3:50  Hatchery  
  40  3:51  Drone, Baneling Nest  
  40  3:53  Drone x3, Evolution Chamber  
  41  4:07  Drone  
  41  4:08  Drone x2  
  43  4:17  Lair  
  43  4:20  Pneumatized Carapace  
  43  4:27  Drone x2  
  43  4:28  Drone  
  43  4:29  Extractor, Zergling x4  
  43  4:30  Zergling x2  
  48  4:37  Overlord  
  48  4:48  Overlord  
  48  4:50  Overlord  
  48  4:56  Baneling x5  
  48  5:01  Zerg Melee Weapons Level 1  
  48  5:04  Drone, Evolution Chamber  
  48  5:08  Drone x3  
  48  5:09  Queen  
  48  5:10  Drone  
  48  5:12  Drone x3  
  48  5:13  Drone, Overlord  
  58  5:15  Centrifical Hooks  
  58  5:17  Overlord  
  58  5:21  Extractor, Zergling x2  
  58  5:22  Zergling x2  
  58  5:24  Zergling x2  
  60  5:38  Zergling x6  
  60  5:39  Zergling x8  
  67  5:42  Baneling  
  67  5:43  Baneling x3  
  67  6:05  Drone x3  
  67  6:06  Zerg Ground Armor Level 1  
  67  6:08  Drone x5  
  67  6:09  Drone  
  67  6:10  Drone  
  77  6:30  Zergling x6  
  77  6:31  Zergling x6  
  83  6:34  Drone x3  
  83  6:35  Hydralisk Den  
  75  6:55  Baneling x4  
  75  6:56  Baneling x4, Zergling x4  
  75  6:57  Zergling x8  
  75  6:59  Overlord  
  75  7:00  Overlord  
  81  7:03  Zerg Melee Weapons Level 2  
  81  7:06  Muscular Augments  
  81  7:09  Overlord x2  
  81  7:24  Drone x2  
  81  7:27  Hydralisk x4  
  91  7:32  Baneling x3  
  91  7:34  Extractor  
  91  7:35  Drone, Extractor  
  91  7:36  Drone x2  
  91  7:40  Hydralisk  
  91  7:41  Hydralisk  
  88  7:55  Hydralisk x3  
  91  8:01  Zergling x2, Hydralisk  
  91  8:02  Zergling x4  
  87  8:10  Hydralisk x2  
  78  8:31  Zergling x4  
  77  8:40  Zergling x2  
  78  8:59  Queen  
  80  9:04  Queen  
  80  9:06  Queen  
  80  9:07  Zergling x10  
  80  9:08  Zergling x10  
  94  9:10  Baneling x7  
  94  9:12  Extractor  
  93  9:23  Drone x2  
  93  9:24  Drone x2  
  96  9:25  Drone  
  98  9:36  Extractor  
  97  9:39  Queen  
  97  9:40  Hatchery, Extractor  
  97  9:49  Zergling x4  
  97  9:50  Zergling x8  
  103  10:04  Overlord  
  103  10:05  Overlord x2  
  103  10:13  Baneling x2  
  103  10:14  Baneling x7  
  104  10:42  Drone  
  104  10:43  Drone x2  
  104  10:44  Drone x5  
  104  10:45  Zergling x6  
  99  11:15  Zergling x12  
  101  11:24  Queen  
  103  11:25  Zergling x2  
  103  11:26  Zergling x10  
  103  11:27  Baneling x5  
  97  11:49  Zergling x6  
  94  11:59  Zergling x6, Hydralisk x4  
  94  12:00  Hydralisk x2  
  106  12:02  Overlord x2  
  106  12:05  Drone x5  
  111  12:13  Baneling x9  
  111  12:14  Hydralisk x4  
  119  12:17  Overlord  
  119  12:28  Zerg Missile Weapons Level 1  
  119  12:52  Spire  
  118  13:00  Drone x3  
  118  13:01  Drone x3  
  124  13:23  Hatchery, Extractor  
  124  13:24  Extractor  
  121  13:36  Drone x3  
  124  14:05  Overlord  
Tags
 
Add a new tag
Caveats
  • Supply blocks, unpowered buildings, or Contaminate may cause inaccurate times.
  • Supply counts are checked every 10 seconds.